TOP OF THE 1ST |
Birmingham Steeldogs batting - Pitching for Baffin Island Beavers : LHP Marcos Benítez
|
Pitching: LHP Marcos Benítez
|
|
Batting: RHB Nick Webb
|
0-0: Called Strike 0-1: Foul Ball, location: 2F 0-2: SINGLE (Groundball, 34)
|
Batting: LHB Glenn Garrett
|
0-0: Ball 1-0: Ball 2-0: Called Strike 2-1: Swinging Strike 2-2: Ground out 4-3 (Groundball, 34D) Nick Webb to second
|
Batting: RHB Raúl Soto
|
0-0: Called Strike 0-1: Fly out, F7 (Flyball, 7M)
|
Batting: RHB Valentín Borges
|
0-0: Foul Ball, location: 2F 0-1: Ground out 1-3 (Groundball, 13S)
|
Top of the 1st over - 0 run(s), 1 hit(s), 0 error(s), 1 left on base; Birmingham 0 - Baffin Island 0 |
BOTTOM OF THE 1ST |
Baffin Island Beavers batting - Pitching for Birmingham Steeldogs : RHP Mitch Brown
|
Pitching: RHP Mitch Brown
|
|
Batting: LHB Mario García
|
0-0: Foul Ball, location: 2F 0-1: Fly out, F9 (Line Drive, 89M)
|
Batting: LHB Jeff Cole
|
0-0: Fly out, F7 (Flyball, 78D)
|
Batting: RHB Tony Morton
|
0-0: Ball 1-0: Ball 2-0: Ground out 4-3 (Groundball, 4M)
|
Bottom of the 1st over - 0 run(s), 0 hit(s), 0 error(s), 0 left on base; Birmingham 0 - Baffin Island 0 |
TOP OF THE 2ND |
Birmingham Steeldogs batting - Pitching for Baffin Island Beavers : LHP Marcos Benítez
|
Batting: LHB Chris Miller
|
0-0: Ball 1-0: DOUBLE (Flyball, 7LM)
|
Batting: RHB Lorenzo Martínez
|
0-0: Ball 1-0: Called Strike 1-1: Foul Ball, location: 2F 1-2: Ball 2-2: Strikes out swinging
|
Batting: LHB Mitchell Oglethorpe
|
0-0: Called Strike 0-1: Foul Ball, location: 2F 0-2: Ball 1-2: Ball 2-2: Ball 3-2: Fly out, F8 (Flyball, 8LD) Runner from 2nd tags up, SAFE at 3rd, no throw
|
Batting: LHB José Sánchez
|
0-0: Swinging Strike 0-1: Foul Ball, location: 2F 0-2: Fly out, F5 (Popup, 56)
|
Top of the 2nd over - 0 run(s), 1 hit(s), 0 error(s), 1 left on base; Birmingham 0 - Baffin Island 0 |
BOTTOM OF THE 2ND |
Baffin Island Beavers batting - Pitching for Birmingham Steeldogs : RHP Mitch Brown
|
Batting: LHB Lorenzo Villa
|
0-0: Foul Ball, location: 2F 0-1: Swinging Strike 0-2: Ball 1-2: SINGLE (Groundball, 3D)
|
Batting: RHB Dexter Potter
|
0-0: Ball 1-0: Ball 2-0: Foul Ball, location: 2F 2-1: Ball 3-1: Base on Balls Lorenzo Villa to second
|
Batting: LHB Keng-chi Lao
|
0-0: Called Strike 0-1: Ball 1-1: Grounds into double play, 4-6-3 (Groundball, 4) Lorenzo Villa to third
|
Batting: RHB Dave Craig
|
0-0: Fly out, F4 (Popup, 4MD)
|
Bottom of the 2nd over - 0 run(s), 1 hit(s), 0 error(s), 1 left on base; Birmingham 0 - Baffin Island 0 |
TOP OF THE 3RD |
Birmingham Steeldogs batting - Pitching for Baffin Island Beavers : LHP Marcos Benítez
|
Batting: LHB José Martínez
|
0-0: Ball 1-0: Called Strike 1-1: Fly out, F7 (Flyball, 78S)
|
Batting: RHB Nick Webb
|
0-0: DOUBLE (Groundball, 5L)
|
Batting: LHB Glenn Garrett
|
0-0: Foul Ball, location: 2F 0-1: Ball 1-1: Ground out 4-3 (Groundball, 4) Nick Webb to third
|
Batting: RHB Raúl Soto
|
0-0: Ball 1-0: Foul Ball, location: 2F 1-1: Ball 2-1: Called Strike 2-2: Strikes out swinging
|
Top of the 3rd over - 0 run(s), 1 hit(s), 0 error(s), 1 left on base; Birmingham 0 - Baffin Island 0 |
|
|
BOTTOM OF THE 3RD |
Baffin Island Beavers batting - Pitching for Birmingham Steeldogs : RHP Mitch Brown
|
Batting: LHB Joaquín González
|
0-0: Called Strike 0-1: Called Strike 0-2: Ball 1-2: Foul Ball, location: 2F 1-2: Ball 2-2: SINGLE (Groundball, 5D)
|
Batting: RHB Mario López
|
0-0: Foul Ball, location: 2F 0-1: Ball 1-1: Fly out, F7 (Flyball, 78S)
|
Batting: LHB Mario García
|
0-0: Called Strike 0-1: Called Strike 0-2: Ball 1-2: Fly out, F7 (Flyball, 7S)
|
Batting: LHB Jeff Cole
|
0-0: Called Strike 0-1: Ball 1-1: Called Strike Joaquín González steals 2nd base 1-2: Ball 2-2: Foul Ball, location: 2F 2-2: Foul Ball, location: 2F 2-2: Ball Error on foul ball, E3 3-2: Foul Ball, location: 2F 3-2: Ground out 4-3 (Groundball, 34)
|
Bottom of the 3rd over - 0 run(s), 1 hit(s), 1 error(s), 1 left on base; Birmingham 0 - Baffin Island 0 |
TOP OF THE 4TH |
Birmingham Steeldogs batting - Pitching for Baffin Island Beavers : LHP Marcos Benítez
|
Batting: RHB Valentín Borges
|
0-0: Ground out 6-3 (Groundball, 6)
|
Batting: LHB Chris Miller
|
0-0: Foul Ball, location: 2F 0-1: Ball 1-1: Ball 2-1: Ball 3-1: SINGLE (Groundball, 4MD)
|
Batting: RHB Lorenzo Martínez
|
0-0: Called Strike 0-1: Called Strike 0-2: Ball 1-2: Grounds into double play, 5-4-3 (Groundball, 5L)
|
Top of the 4th over - 0 run(s), 1 hit(s), 0 error(s), 0 left on base; Birmingham 0 - Baffin Island 0 |
BOTTOM OF THE 4TH |
Baffin Island Beavers batting - Pitching for Birmingham Steeldogs : RHP Mitch Brown
|
Batting: RHB Tony Morton
|
0-0: Ball 1-0: Ball 2-0: Foul Ball, location: 2F 2-1: SINGLE (Groundball, 6)
|
Batting: LHB Lorenzo Villa
|
0-0: Ball 1-0: Foul Ball, location: 2F 1-1: Foul Ball, location: 2F 1-2: Foul Ball, location: 2F 1-2: Ball 2-2: Ball 3-2: Foul Ball, location: 2F 3-2: Fly out, F7 (Flyball, 7S) 3-2: Fly out, F7 (Flyball, 7S)
|
Batting: RHB Dexter Potter
|
0-0: Swinging Strike 0-1: Ball 1-1: Ball 2-1: Foul Ball, location: 2F 2-2: Ball 3-2: Foul Ball, location: 2F 3-2: Strikes out looking Tony Morton steals 2nd base Batter strikes out.
|
Batting: LHB Keng-chi Lao
|
0-0: Called Strike 0-1: Fly out, F8 (Flyball, 8LS)
|
Bottom of the 4th over - 0 run(s), 1 hit(s), 0 error(s), 1 left on base; Birmingham 0 - Baffin Island 0 |
TOP OF THE 5TH |
Birmingham Steeldogs batting - Pitching for Baffin Island Beavers : LHP Marcos Benítez
|
Batting: LHB Mitchell Oglethorpe
|
0-0: Ball 1-0: Foul Ball, location: 2F 1-1: Swinging Strike 1-2: Ball 2-2: Ball 3-2: Foul Ball, location: 2F 3-2: Fly out, F8 (Flyball, 8RXD)
|
Batting: LHB José Sánchez
|
0-0: Ball 1-0: SINGLE (Groundball, 4MD)
|
Batting: LHB José Martínez
|
0-0: Ball 1-0: Foul Ball, location: 2F 1-1: Ball 2-1: Swinging Strike 2-2: SINGLE (Line Drive, 6MD) José Sánchez to second
|
Batting: RHB Nick Webb
|
0-0: Ball 1-0: Called Strike 1-1: Ball 2-1: Fielders Choice at 2nd, 4-6 (Groundball, 4M) José Sánchez to third
|
Batting: LHB Glenn Garrett
|
0-0: Called Strike 0-1: Called Strike 0-2: Ball 1-2: Foul Ball, location: 2F 1-2: Ball 2-2: Foul Ball, location: 2F 2-2: Fly out, F7 (Flyball, 7M)
|
Top of the 5th over - 0 run(s), 2 hit(s), 0 error(s), 2 left on base; Birmingham 0 - Baffin Island 0 |
BOTTOM OF THE 5TH |
Baffin Island Beavers batting - Pitching for Birmingham Steeldogs : RHP Mitch Brown
|
Batting: RHB Dave Craig
|
0-0: Called Strike 0-1: Called Strike 0-2: Foul Ball, location: 2F 0-2: Strikes out swinging
|
Batting: LHB Joaquín González
|
0-0: Ground out U3 (Groundball, 3)
|
Batting: RHB Mario López
|
0-0: Ball 1-0: Called Strike 1-1: Ball 2-1: Fly out, F7 (Flyball, 78XD)
|
Bottom of the 5th over - 0 run(s), 0 hit(s), 0 error(s), 0 left on base; Birmingham 0 - Baffin Island 0 |
TOP OF THE 6TH |
Birmingham Steeldogs batting - Pitching for Baffin Island Beavers : LHP Marcos Benítez
|
Batting: RHB Raúl Soto
|
0-0: Ground out 5-3 (Groundball, 56)
|
Batting: RHB Valentín Borges
|
0-0: Called Strike 0-1: Ball 1-1: Ground out 1-3 (Groundball, 13S)
|
Batting: LHB Chris Miller
|
0-0: Called Strike 0-1: Called Strike 0-2: Ball 1-2: Ground out 4-3 (Groundball, 4)
|
Top of the 6th over - 0 run(s), 0 hit(s), 0 error(s), 0 left on base; Birmingham 0 - Baffin Island 0 |
BOTTOM OF THE 6TH |
Baffin Island Beavers batting - Pitching for Birmingham Steeldogs : RHP Mitch Brown
|
Batting: LHB Mario García
|
0-0: Bunt for hit - play at first, batter OUT! 1-3
|
Batting: LHB Jeff Cole
|
0-0: Ball 1-0: Ball 2-0: Called Strike 2-1: Ground out U3 (Groundball, 3S)
|
Batting: RHB Tony Morton
|
0-0: Ball 1-0: Ball 2-0: Ball 3-0: Base on Balls
|
Batting: LHB Lorenzo Villa
|
0-0: Called Strike 0-1: Ball 1-1: Foul Ball, location: 2F 1-2: Foul Ball, location: 2F 1-2: Ground out 4-3 (Groundball, 4)
|
Bottom of the 6th over - 0 run(s), 0 hit(s), 0 error(s), 1 left on base; Birmingham 0 - Baffin Island 0 |
TOP OF THE 7TH |
Birmingham Steeldogs batting - Pitching for Baffin Island Beavers : LHP Marcos Benítez
|
Batting: RHB Lorenzo Martínez
|
0-0: Called Strike 0-1: Ball 1-1: Ground out 5-3 (Groundball, 56)
|
Pinch Hitting: RHB Júlio Pacheco
|
0-0: Ball 1-0: Ground out 3-1 (Groundball, 34S)
|
Batting: LHB José Sánchez
|
0-0: Called Strike 0-1: Ground out U3 (Groundball, 3S)
|
Top of the 7th over - 0 run(s), 0 hit(s), 0 error(s), 0 left on base; Birmingham 0 - Baffin Island 0 |
BOTTOM OF THE 7TH |
Baffin Island Beavers batting - Pitching for Birmingham Steeldogs : RHP Mitch Brown
|
Now at 1B: Júlio Pacheco
|
|
Batting: RHB Dexter Potter
|
0-0: Foul Ball, location: 2F 0-1: Ball 1-1: Foul Ball, location: 2F 1-2: Ball 2-2: Strikes out swinging
|
Batting: LHB Keng-chi Lao
|
0-0: Ball 1-0: Fly out, F9 (Flyball, 9S)
|
Batting: RHB Dave Craig
|
0-0: Called Strike 0-1: Ground out 5-3 (Groundball, 5)
|
Bottom of the 7th over - 0 run(s), 0 hit(s), 0 error(s), 0 left on base; Birmingham 0 - Baffin Island 0 |
TOP OF THE 8TH |
Birmingham Steeldogs batting - Pitching for Baffin Island Beavers : LHP Marcos Benítez
|
Pinch Hitting: RHB Eric Johnson
|
0-0: Called Strike 0-1: Ground out 5-3 (Groundball, 56S)
|
Batting: RHB Nick Webb
|
0-0: Foul Ball, location: 2F 0-1: Fly out, F9 (Flyball, 89M)
|
Batting: LHB Glenn Garrett
|
0-0: Called Strike 0-1: Ball
|
|
|
|
1-1: Ball 2-1: Foul Ball, location: 2F 2-2: Reached on error, E3 (Groundball, 3L)
|
Batting: RHB Raúl Soto
|
0-0: Called Strike 0-1: Ball 1-1: Ball 2-1: Ground out 5-3 (Groundball, 5)
|
Top of the 8th over - 0 run(s), 0 hit(s), 1 error(s), 1 left on base; Birmingham 0 - Baffin Island 0 |
BOTTOM OF THE 8TH |
Baffin Island Beavers batting - Pitching for Birmingham Steeldogs : RHP Mitch Brown
|
Now at 3B: Jean-Paul St-Pierre
|
|
Pinch Hitting: LHB José Berroa
|
0-0: Ball 1-0: Ball 2-0: SOLO HOME RUN (Flyball, 89XD), Distance : 472 ft
|
Batting: RHB Mario López
|
0-0: Ball 1-0: Foul Ball, location: 2F 1-1: Ball 2-1: Fly out, F9 (Flyball, 89M)
|
Pitching: RHP Pete Cook
|
|
Batting: LHB Mario García
|
0-0: Called Strike 0-1: Swinging Strike 0-2: Foul Ball, location: 2F 0-2: Ball 1-2: Ball 2-2: Strikes out swinging
|
Batting: LHB Jeff Cole
|
0-0: Ball 1-0: Ball 2-0: Foul Ball, location: 2F 2-1: Ball 3-1: Foul Ball, location: 2F 3-2: Foul Ball, location: 2F 3-2: Base on Balls
|
Batting: RHB Tony Morton
|
0-0: Ball 1-0: Ball 2-0: Called Strike 2-1: 2-RUN HOME RUN (Line Drive, 7D), Distance : 425 ft
|
Batting: LHB Lorenzo Villa
|
0-0: Foul Ball, location: 2F 0-1: Swinging Strike 0-2: Ball 1-2: Ball 2-2: Foul Ball, location: 2F 2-2: Ball 3-2: Foul Ball, location: 2F 3-2: Foul Ball, location: 2F 3-2: Foul Ball, location: 2F 3-2: Base on Balls
|
Batting: RHB Dexter Potter
|
0-0: SINGLE (Line Drive, 7S) Lorenzo Villa to second
|
Batting: LHB Keng-chi Lao
|
0-0: Called Strike 0-1: Ball 1-1: Foul Ball, location: 2F 1-2: Foul Ball, location: 2F 1-2: Ball 2-2: Fielders Choice at 2nd, U4 (Groundball, 4M)
|
Bottom of the 8th over - 3 run(s), 3 hit(s), 0 error(s), 2 left on base; Birmingham 0 - Baffin Island 3 |
TOP OF THE 9TH |
Birmingham Steeldogs batting - Pitching for Baffin Island Beavers : LHP Marcos Benítez
|
Pitching: RHP Bartolo García
|
|
Now in LF: José Berroa
|
|
Batting: RHB Valentín Borges
|
0-0: Called Strike 0-1: Swinging Strike 0-2: Ball 1-2: Ball 2-2: Ball 3-2: Foul Ball, location: 2F 3-2: Fly out, F4 (Popup, 3D)
|
Batting: LHB Chris Miller
|
0-0: Swinging Strike 0-1: Swinging Strike 0-2: Ball 1-2: Ball 2-2: SINGLE (Line Drive, 6D)
|
Batting: RHB Lorenzo Martínez
|
0-0: Ball 1-0: Swinging Strike 1-1: Ball 2-1: Foul Ball, location: 2F 2-2: Strikes out looking
|
Batting: RHB Júlio Pacheco
|
0-0: Called Strike 0-1: Called Strike 0-2: Strikes out looking
|
Top of the 9th over - 0 run(s), 1 hit(s), 0 error(s), 1 left on base; Birmingham 0 - Baffin Island 3 |
|
Monday, December 5th, 2016 - OOTP Baseball 17.12 Build 75
|
|